AoeStats
← bone app the teeth

Black Forest

505579812Analyzed
2v2 RM · 23d ago on Sep 10, 2026· 107m 22s· 4 players
Game mode
Random Map
Map size
Medium (4 player)
Population
200
Speed
Normal
Resources
Standard
Victory
Conquest
Starting age
Dark Age
Ending age
Imperial Age
RankedLock teamsTeams togetherTeam positionsShared explorationLock speedFull tech treeHidden civsTurbo modeCheats
Victory
Defeat
🇺🇸 Bohemians · United States
1036
+17
🇺🇸 Turks · United States
1030
+17
🇺🇸 Slavs · United States
1090
-19
🇺🇸 Persians · United States
1005
-15
Aluerad
4:44 Loom
15:09 Feudal Age
17:03 Double-Bit Axe
17:02 Horse Collar
21:35 Wheelbarrow
23:22 Castle Age
22:57 Gold Mining
23:04 Stone Mining
25:14 Bow Saw
25:09 Heavy Plow
26:32 Gold Shaft Mining
27:54 Caravan
31:33 Imperial Age
30:40 Padded Archer Armor
33:18 Conscription
32:20 Elite Janissary
33:34 Leather Archer Armor
36:07 Fortified Wall
36:12 Murder Holes
36:48 Ballistics
37:25 Town Watch
38:07 Hand Cart
38:03 Artillery
41:09 Town Patrol
44:59 Two-Man Saw
44:27 Heavy Camel Rider
45:10 Husbandry
45:21 Bloodlines
46:06 Ring Archer Armor
45:47 Forging
45:43 Scale Barding Armor
49:16 Chain Barding Armor
49:40 Iron Casting
67:17 Heavy Scorpion
82:49 Plate Barding Armor
90:26 Blast Furnace
93:42 Cavalier
100:43 Masonry
bone app the teeth
8:50 Loom
11:30 Feudal Age
11:56 Double-Bit Axe
12:09 Horse Collar
19:29 Castle Age
20:50 Fletching
21:15 Bow Saw
21:07 Heavy Plow
21:27 Bodkin Arrow
24:56 Wheelbarrow
24:47 Fishing Lines
25:18 Town Watch
24:58 Pikeman
25:44 Padded Archer Armor
26:08 Caravan
26:36 Masonry
28:37 Chemistry
28:34 Hand Cart
29:27 Squires
29:30 Scale Mail Armor
32:54 Imperial Age
31:41 Arson
32:12 Chain Mail Armor
32:25 Forging
32:31 Leather Archer Armor
32:46 Town Patrol
33:06 Wagenburg Tactics
33:39 Bracer
34:12 Plate Mail Armor
34:24 Iron Casting
35:37 Coinage
36:17 Ring Archer Armor
36:14 Conscription
36:17 Hussite Reforms
36:42 Ballistics
37:28 Two-Man Saw
38:02 Blast Furnace
37:26 Sanctity
37:16 Fervor
38:13 Theocracy
37:56 Block Printing
37:42 Devotion
39:04 Illumination
38:54 Redemption
38:44 Atonement
38:17 Halberdier
41:24 Banking
41:18 Fortified Wall
42:11 Siege Engineers
43:40 Houfnice
46:10 Architecture
48:39 Treadmill Crane
60:41 Heresy
60:43 Faith
67:35 Heavy Scorpion
67:35 Capped Ram
67:36 Onager
69:31 Gillnets
87:25 Elite Hussite Wagon
aoedecoyy590
0:29 Loom
16:36 Feudal Age
17:02 Horse Collar
17:16 Stone Mining
17:18 Gold Mining
17:16 Double-Bit Axe
24:31 Castle Age
25:08 Heavy Plow
25:45 Stone Shaft Mining
25:49 Gold Shaft Mining
25:28 Bow Saw
25:21 Caravan
28:28 Wheelbarrow
30:04 Scale Barding Armor
30:10 Forging
31:11 Hand Cart
33:34 Imperial Age
31:40 Chain Barding Armor
33:21 Iron Casting
33:53 Elite War Elephant
35:11 Crop Rotation
35:46 Two-Man Saw
35:23 Plate Barding Armor
35:56 Conscription
36:14 Hoardings
36:47 Blast Furnace
43:46 Devotion
48:32 Chemistry
48:19 Faith
48:23 Ballistics
48:15 Masonry
48:03 Fletching
48:20 Murder Holes
48:39 Bodkin Arrow
51:55 Architecture
jshalo12
0:29 Loom
12:49 Feudal Age
14:15 Wheelbarrow
13:42 Double-Bit Axe
15:15 Horse Collar
20:05 Castle Age
19:00 Stone Mining
19:21 Gold Mining
20:54 Heavy Plow
21:16 Bow Saw
27:55 Gold Shaft Mining
29:32 Hand Cart
33:06 Imperial Age
31:08 Forging
31:04 Scale Barding Armor
32:08 Caravan
32:19 Husbandry
32:30 Bloodlines
32:26 Detinets
33:56 Chain Barding Armor
34:12 Iron Casting
33:14 Elite Boyar
35:17 Two-Man Saw
34:52 Crop Rotation
35:34 Conscription
36:22 Plate Barding Armor
37:45 Blast Furnace
37:07 Onager
38:47 Squires
38:09 Man-at-Arms
38:52 Druzhina
38:56 Fletching
39:08 Scale Mail Armor
41:02 Siege Engineers
40:22 Siege Onager
42:07 Hoardings
42:02 Devotion
42:33 Ballistics
42:08 Heavy Scorpion
44:08 Faith
43:56 Pikeman
44:54 Chain Mail Armor
44:35 Bodkin Arrow
45:27 Halberdier
46:42 Masonry
47:33 Chemistry
50:19 Long Swordsman
51:45 Plate Mail Armor
51:56 Two-Handed Swordsman
53:19 Champion
65:20 Town Watch
Connection lost

Rejoining the realm…

Still unreachable

The connection could not be restored.

Session expired

The server has moved on; the page needs a fresh start.